Map: 奧德賽 - 天梯版

Players

MayShowGunMo - Winner!

  • Race: Terran Terran
  • League: Master
  • Spawn Location: 11:00

飛蛙

  • Race: Zerg Zerg
  • League: Diamond
  • Spawn Location: 5:00

VOD

Have the link to the VOD?

Description

Time

  • Played on: Aug. 12, 2017, 1:20 p.m.
  • Length: 8:13
Show
View Real Time Build Order
Export as new Build Order

MayShowGunMo Terran - Winner!

Build Orders: Reaper Expand, MMM Bio 

Get SALT Encoding   

  12  0:02  SCV  
  13  0:14  SCV  
  14  0:17  Supply Depot  
  14  0:26  SCV  
  15  0:39  SCV  
  15  0:40  Barracks  
  16  0:44  Refinery  
  16  0:51  SCV  
  17  1:03  SCV  
  18  1:15  SCV  
  19  1:27  Orbital Command, Reaper  
  20  1:41  Command Center  
  20  1:51  Barracks  
  20  1:57  SCV  
  20  1:59  Barracks Reactor  
  21  2:06  Refinery  
  21  2:09  SCV  
  22  2:19  Supply Depot  
  22  2:26  Factory  
  22  2:27  SCV  
  23  2:40  SCV, Marine x2, Barracks Tech Lab  
  26  2:53  SCV  
  26  2:54  Orbital Command  
  27  3:02  Stimpack  
  27  3:04  Marine  
  27  3:05  SCV  
  29  3:09  Marine  
  30  3:16  Starport  
  30  3:18  SCV  
  31  3:21  Factory Reactor  
  31  3:22  SCV  
  32  3:29  Marine  
  32  3:30  Marine  
  32  3:32  SCV, Marine  
  36  3:39  Supply Depot  
  36  3:40  SCV  
  37  3:47  Marine  
  37  3:48  SCV, Marine  
  39  3:52  SCV, Marine  
  41  4:00  SCV  
  42  4:04  SCV, Marine  
  42  4:05  Medivac  
  42  4:06  Medivac  
  42  4:07  Supply Depot  
  48  4:10  Marine  
  48  4:12  SCV  
  48  4:16  SCV  
  51  4:21  Engineering Bay  
  51  4:23  Engineering Bay  
  51  4:24  SCV  
  51  4:25  Engineering Bay  
  51  4:26  Marine  
  51  4:27  Marine  
  51  4:29  SCV, Marine  
  56  4:36  SCV  
  57  4:41  SCV  
  57  4:42  Supply Depot  
  57  4:44  Marine x2  
  60  4:47  Marine  
  60  4:48  SCV  
  60  4:50  Terran Infantry Weapons Level 1  
  62  4:53  Terran Infantry Armor Level 1  
  62  5:00  Command Center  
  62  5:03  SCV  
  62  5:04  SCV  
  62  5:05  Supply Depot  
  62  5:06  Marine  
  65  5:08  Combat Shields  
  65  5:12  Refinery  
  65  5:14  Marine  
  65  5:16  Refinery  
  65  5:18  Marine  
  65  5:19  Supply Depot  
  67  5:23  Marine  
  67  5:25  SCV  
  69  5:29  Supply Depot  
  69  5:32  Marine  
  70  5:36  Marine  
  70  5:40  SCV  
  70  5:41  Marine  
  70  5:47  Factory Reactor  
  70  5:49  SCV, Barracks  
  71  5:50  Marine, Barracks  
  71  5:52  Barracks  
  71  5:53  SCV  
  71  5:56  Armory  
  73  5:59  Marine  
  73  6:02  Medivac  
  68  6:04  Medivac  
  68  6:05  Marine  
  71  6:12  Orbital Command  
  71  6:13  Marine  
  71  6:16  Marine  
  73  6:23  Marine  
  73  6:24  SCV  
  75  6:27  SCV  
  75  6:30  Orbital Command  
  75  6:31  Marine  
  77  6:36  Factory Reactor  
  77  6:40  Barracks Reactor x2  
  77  6:41  Marine x2  
  77  6:42  SCV  
  77  6:44  SCV  
  81  6:54  SCV, Marine  
  81  6:56  SCV x2  
  81  6:57  Marine  
  86  7:04  Marine x2  
  86  7:06  SCV  
  90  7:08  SCV  
  90  7:09  SCV, Marine  
  90  7:12  Marine  
  90  7:13  Factory  
  90  7:14  Supply Depot x2  
  93  7:16  Marine  
  93  7:17  Marine x2, Widow Mine x2  
  93  7:19  SCV  
  93  7:20  SCV  
  93  7:21  SCV  
  103  7:25  Supply Depot, Marine  
  103  7:26  Marine  
  103  7:29  Medivac  
  107  7:31  SCV  
  107  7:33  Marine  
  107  7:35  Marine  
  110  7:38  Supply Depot  
  110  7:39  Supply Depot  
  110  7:42  SCV  
  108  7:55  Marine, Barracks  
  108  7:57  SCV  
  108  7:58  SCV  
  111  8:00  Supply Depot, Barracks x2  
  111  8:02  Supply Depot  
  111  8:03  Factory Tech Lab  
Show
View Real Time Build Order
Export as new Build Order

飛蛙 Zerg 

Build Orders: Pool First 

Get SALT Encoding   

  12  0:01  Drone  
  13  0:12  Overlord  
  13  0:17  Drone  
  14  0:31  Drone x2  
  14  0:35  Drone  
  17  0:45  Extractor  
  17  0:46  Drone  
  17  0:50  Spawning Pool  
  17  0:56  Drone  
  17  1:08  Drone  
  18  1:19  Hatchery  
  18  1:23  Drone  
  18  1:28  Drone  
  19  1:37  Queen  
  21  1:41  Zergling x2  
  22  1:52  Overlord  
  22  1:54  Metabolic Boost  
  22  2:13  Queen  
  23  2:33  Queen  
  23  2:36  Drone x4  
  29  2:49  Pneumatized Carapace  
  28  3:00  Drone  
  28  3:02  Drone x4  
  28  3:05  Drone x2  
  35  3:15  Overlord  
  35  3:23  Zergling x2  
  36  3:35  Drone x5, Hatchery  
  36  3:38  Drone  
  41  3:48  Drone x3  
  44  3:57  Evolution Chamber  
  44  3:58  Drone  
  44  3:59  Drone, Extractor, Evolution Chamber  
  43  4:09  Drone  
  44  4:14  Overlord x2  
  44  4:30  Zerg Melee Weapons Level 1  
  44  4:32  Queen x2  
  44  4:35  Zergling x14  
  55  4:50  Zergling x10  
  60  5:02  Queen  
  60  5:05  Overlord x2  
  62  5:15  Lair  
  62  5:16  Zerg Ground Armor Level 1  
  62  5:18  Drone  
  62  5:20  Drone  
  62  5:21  Drone x2  
  66  5:26  Queen  
  67  5:37  Queen  
  69  5:43  Spore Crawler  
  69  5:44  Spore Crawler  
  69  5:45  Drone x4, Extractor  
  69  5:58  Drone x12  
  79  6:07  Baneling Nest  
  78  6:21  Spore Crawler  
  78  6:22  Drone  
  78  6:23  Drone  
  79  6:26  Hydralisk Den  
  79  6:29  Drone x3, Baneling Nest  
  79  6:30  Drone  
  81  6:33  Overlord  
  81  6:34  Overlord x3  
  81  6:55  Hydralisk x2  
  81  6:56  Hydralisk x9  
  103  7:15  Hatchery  
  103  7:20  Hydralisk  
  104  7:23  Baneling  
  104  7:24  Baneling x6  
  104  7:28  Extractor  
  103  7:32  Extractor, Overseer  
  103  7:33  Extractor  
  97  7:45  Hydralisk  
  96  7:55  Overlord  
Tags
 
Add a new tag
Caveats
  • Supply blocks, unpowered buildings, or Contaminate may cause inaccurate times.
  • Supply counts are checked every 10 seconds.